 Dungeon Crawl Stone Soup version 0.21.0-3-g78d12a8 (webtiles) character file.

444752 THUG4L1F3 the Minotaur Barricade (level 23, -8/233 (236) HPs)
             Began as a Minotaur Fighter on Jan 17, 2018.
             Was the Champion of the Shining One.
             Mangled by a red very ugly thing (illusionary) (27 damage)
             ... on level 1 of the Depths on Jan 18, 2018.
             The game lasted 02:22:35 (49490 turns).

THUG4L1F3 the Minotaur Barricade (MiFi)            Turns: 49490, Time: 02:22:36

HP:   -8/233 (236)  AC: 33    Str: 30    XL:     23   Next: 8%
MP:   30/30         EV:  8    Int:  8    God:    the Shining One [******]
Gold: 6645          SH:  0    Dex: 16    Spells: 22/22 levels left

rFire    . . .     SeeInvis +   a - +7 broad axe (holy)
rCold    . . .     Gourm    .   (no shield)
rNeg     + + +     Faith    .   Z - +4 plate armour of Gestures {rElec Int+6 SInv}
rPois    .         Spirit   .   (helmet unavailable)
rElec    +         Reflect  .   T - +2 cloak of the Cooper {MR- Dex+5 SInv}
rCorr    .         Harm     .   k - +2 pair of gloves
MR       ++++.     Rnd*Rage +   R - +1 pair of boots
Stlth    ..........             N - necklace of Bloodlust {*Rage +Rage MR++ Int-3 Slay+6 *Curse} (curse)
HPRegen  0.48/turn              E - +4 ring of slaying
MPRegen  0.22/turn              d - +5 ring of protection

@: berserk cooldown, very slightly contaminated, slowed, glowing, very slow
A: retaliatory headbutt, horns 3, see invisible, magic resistance 2, subdued
magic 1
}: 2/15 runes: serpentine, barnacled
a: Divine Shield, Cleansing Flame, Summon Divine Warrior, Renounce Religion,
Evoke Berserk Rage


You were on level 1 of the Depths.
You worshipped the Shining One.
The Shining One was exalted by your worship.
You were near starving.

You visited 10 branches of the dungeon, and saw 42 of its levels.
You visited the Abyss 1 time.
You also visited: Wizlab.

You collected 18902 gold pieces.
You spent 1655 gold pieces at shops.
You paid 10602 gold pieces to Gozag.

Inventory:

Hand Weapons
 a - a +7 broad axe of holy wrath (weapon)
 b - a +0 broad axe of freezing
Armour
 k - a +2 pair of gloves (worn)
 K - a +0 shield of reflection
 R - a +1 pair of boots (worn)
 T - the +2 cloak of the Cooper (worn) {MR- Dex+5 SInv}
   (You bought it in a shop on level 2 of the Orcish Mines)

   It affects your dexterity (+5).
   It affects your resistance to hostile enchantments.
   It lets you see invisible.
 Y - a +2 large shield
 Z - the +4 plate armour of Gestures (worn) {rElec Int+6 SInv}
   (You found it on level 3 of the Shoals)

   It affects your intelligence (+6).
   It insulates you from electricity.
   It lets you see invisible.
Jewellery
 d - a +5 ring of protection (right hand)
 q - an uncursed ring of protection from fire
 x - an uncursed ring of protection from magic
 B - an uncursed ring of poison resistance
 E - a +4 ring of slaying (left hand)
 N - the cursed necklace of Bloodlust (around neck) {*Rage +Rage MR++ Int-3 Slay+6 *Curse}
   (You found it on level 12 of the Dungeon)

   [amulet of rage]

   It affects your intelligence (-3).
   It affects your accuracy and damage with ranged weapons and melee attacks
   (+6).
   It affects your resistance to hostile enchantments.
   It lets you go berserk.
   It may make you go berserk in combat.
   It curses itself when equipped.
   It has a curse placed upon it.
Wands
 g - a wand of iceblast (7)
 p - a wand of polymorph (71)
 u - a wand of acid (20)
 w - a wand of scattershot (10)
 z - a wand of paralysis (47)
 G - a wand of flame (30)
 H - a wand of random effects (27)
 I - a wand of enslavement (15)
 L - a wand of clouds (7)
 U - a wand of digging (49)
Scrolls
 h - 12 scrolls of immolation
 j - 10 scrolls of magic mapping
 m - 20 scrolls of remove curse
 n - 12 scrolls of teleportation
 o - 8 scrolls of fear
 s - 5 scrolls of enchant armour
 t - 11 scrolls of identify
 A - a scroll of summoning
 C - 2 scrolls of silence
 F - a scroll of fog
 M - 3 scrolls of amnesia
 V - a scroll of enchant weapon
Potions
 e - 8 potions of agility
 f - 3 potions of brilliance
 i - 10 potions of curing
 r - 7 potions of flight
 v - 4 potions of might
 y - 5 potions of lignification
 D - 4 potions of haste
 O - 5 potions of resistance
 P - 2 potions of berserk rage
 Q - a potion of ambrosia
 S - 3 potions of mutation
 W - a potion of cancellation
 X - a potion of invisibility
Comestibles
 c - 28 rations


   Skills:
 + Level 26.0 Fighting
 - Level 21.6 Axes
 - Level 11.7 Armour
 O Level 27 Shields
 + Level 11.5 Invocations


You had 22 spell levels left.
You didn't know any spells.

Dungeon Overview and Level Annotations

Branches:
Dungeon (15/15)            Temple (1/1) D:7            Lair (6/6) D:11
 Shoals (4/4) Lair:4        Snake (4/4) Lair:2        Slime (0/5) Lair:6
    Orc (2/2) D:10            Elf (2/3) Orc:2        Vaults (4/5) D:14
  Crypt (3/3) Vaults:3       Tomb (0/3) Crypt:3      Depths (1/5) D:15

Altars:
Ashenzari
Cheibriados
Dithmenos
Elyvilon
Fedhas
Gozag
Hepliaklqana
Kikubaaqudgha
Makhleb
Nemelex Xobeh
Okawaru
Qazlal
Ru
Sif Muna
Trog
Uskayaw
Vehumet
Wu Jian
Xom
Yredelemnul
Zin
The Shining One
Beogh
Jiyva

Shops:
D:4 [(}*   D:9 !   D:10 }   D:12 *(   D:13 *   D:14 (!?%   Orc:2 :!![=
Elf:2 *   Lair:1 ?[?   Snake:2 *   Vaults:1 [(   Vaults:3 ?

Annotations:
Lair:3 exclusion: 2 oklob plants
Elf:2 2 runed doors


Innate Abilities, Weirdness & Mutations

You reflexively headbutt those who attack you in melee.
You have a pair of large horns on your head.
You have supernaturally acute eyesight. (SInv)
You are highly resistant to hostile enchantments. (MR++)
Your spells are a little easier to cast, but a little less powerful.


Message History

You are covered in liquid flames!
* * * LOW HITPOINT WARNING * * *
You feel your anger nearly subside.
You are covered in liquid flames!
* * * LOW HITPOINT WARNING * * *
You are no longer berserk.
You are exhausted.
You feel yourself slow down.
The red very ugly thing rages.
Blink to where?
Press: ? - help, Dir - move target cursor You are very lightly contaminated with residual magic.
As you read the scroll of blinking, it crumbles to dust.
The red very ugly thing barely misses you.
You furiously retaliate!
You headbutt the red very ugly thing!
The red very ugly thing tail-slaps you but does no damage.
The white very ugly thing basks in the mutagenic energy from its kin and changes!
The red very ugly thing claws you but does no damage.
The red very ugly thing tail-slaps you!!
You die...

#...........
+...........
#............#
+.............
##+####.............
#..........$.......?
#.........[R........
#........uu†..##.##.
#........u@......).
#.......uT....#####
.........#......#
##########......#
#......# #........
#.........
..........


You could see 4 very ugly things, a rakshasa and a deep troll earth mage.

Vanquished Creatures
  Margery (Crypt:2)
  Vashnia (Snake:4)
  Bai Suzhen (Vaults:2)
  Nikola (Shoals:1)
  A profane servitor (Crypt:3)
  A bone dragon (Crypt:3)
  A hellephant (Abyss:2)
  A deep elf blademaster (Elf:2)
  A quicksilver dragon (shapeshifter) (Vaults:3)
  3 liches
  Frances (D:13)
  A sphinx (Vaults:2)
  Polyphemus (Shoals:3)
  8 ancient champions
  A shadow dragon (Vaults:4)
  10 nagarajas
  A storm dragon (Vaults:1)
  Kirke (Shoals:2)
  3 revenants
  Donald (Elf:1)
  Ilsuiw (Shoals:3)
  A tengu reaver (Vaults:1)
  2 fire giants (Vaults:4)
  A frost giant (Shoals:4)
  9 vault wardens
  A deep elf sorcerer (Vaults:1)
  2 cacodemons (WizLab)
  A balrug (WizLab)
  2 curse skulls
  4 very ugly things
  11 ghouls
  6 stone giants
  10 ironheart preservers
  2 deep elf demonologists
  A starcursed mass (Abyss:1)
  4 entropy weavers
  4 vampire knights
  A deep elf annihilator (Elf:1)
  A lorocyproca (WizLab)
  The ghost of deifeln the Cleaver, a journeyman HuBe of Trog (D:12)
  4 merfolk javelineers
  A crystal guardian (Vaults:3)
  7 eidola
  2 ettins
  A fire dragon (shapeshifter) (Vaults:2)
  5 deep elf death magi
  Josephine (D:13)
  9 yaktaur captains
  2 fire dragons
  11 merfolk impalers
  Snorg (D:14)
  3 jiangshi (Crypt:3)
  2 mummy priests (Crypt:3)
  The ghost of RepHenryClay the Destroyer, a journeyman DrWz of Vehumet (Lair:2)
  Fannar (Orc:1)
  Harold (Lair:4)
  5 ice dragons
  A great orb of eyes (Depths:1)
  14 vault guards
  6 hydras
  13 naga warriors
  A merfolk avatar (Shoals:2)
  7 centaur warriors
  2 merfolk aquamancers (Shoals:4)
  11 ogre magi
  17 anacondas
  7 death knights
  2 catoblepae
  2 satyrs (Shoals:3)
  A queen ant (Lair:6)
  35 two-headed ogres
  4 deep troll shamans
  10 death yaks
  18 dancing weapons
  3 deep troll earth magi
  7 shock serpents
  4 vampire magi
  15 deep elf knights
  22 naga sharpshooters
  2 sun demons (WizLab)
  A soul eater (WizLab)
  A sixfirhy (WizLab)
  3 shadow wraiths
  4 hell knights
  The ghost of FelidHatLover the Covert, a novice GnAs of Dithmenos (D:7)
  2 wretched stars
  14 deep trolls
  8 salamander mystics
  2 shadow demons (WizLab)
  19 skeletal warriors
  2 glowing orange brains
  A storm dragon skeleton (Crypt:3)
  An iron giant zombie (Crypt:2)
  10 flayed ghosts
  3 unseen horrors
  15 sea snakes
  15 naga ritualists
  11 ironbrand convokers
  13 deep elf archers
  3 wizards
  2 shadow dragon zombies
  7 phantasmal warriors
  An anaconda skeleton (Crypt:1)
  13 mana vipers
  5 necromancers
  28 harpies
  51 deep elf magi
  14 orc knights
  A harpy (shapeshifter) (Vaults:2)
  20 ugly things
  10 cyclopes
  11 fauns
  4 wolf spiders
  9 salamanders
  7 orc sorcerers
  18 slime creatures
  19 manticores
  An iron dragon skeleton (Crypt:3)
  A shock serpent zombie (Crypt:3)
  3 water nymphs
  7 merfolk sirens
  11 vault sentinels
  Maurice (Orc:1)
  36 black mambas
  An alligator snapping turtle zombie (Crypt:2)
  A centaur zombie (D:14)
  A black mamba (shapeshifter) (Elf:2)
  17 naga magi
  17 elephants
  2 dire elephant zombies
  2 fire giant skeletons
  3 guardian serpents
  An apocalypse crab (Abyss:2)
  14 spiny frogs
  A spiny frog (shapeshifter) (Elf:1)
  A rime drake (shapeshifter) (Vaults:4)
  A catoblepas zombie (Crypt:1)
  2 kobold demonologists
  A pale draconian zombie (Crypt:3)
  9 komodo dragons
  A redback zombie (D:15)
  3 rime drakes
  An ice devil (WizLab)
  An ancient zyme (Abyss:2)
  A hellion (WizLab)
  37 yaktaurs
  2 guardian mummies (Crypt:3)
  A yellow draconian skeleton (Crypt:1)
  2 tengu conjurers
  2 tormentors (WizLab)
  2 red devils (WizLab)
  35 merfolk
  12 freezing wraiths
  2 meliai (shapeshifter)
  8 trolls
  2 harpy zombies (Shoals:4)
  2 polar bears (Lair:6)
  2 wind drakes (shapeshifter)
  2 jumping spiders (Vaults:1)
  3 wind drakes
  A harpy skeleton (D:15)
  4 hornets
  16 blink frogs
  8 snapping turtles
  A tarantella zombie (Crypt:1)
  6 bog bodies
  18 flying skulls
  13 hippogriffs
  21 dream sheep
  A spriggan (shapeshifter) (Vaults:1)
  An ettin skeleton (Crypt:3)
  17 wraiths
  3 shadows
  4 water elementals
  4 air elementals
  A redback (Vaults:1)
  42 yaks
  An ice dragon skeleton (Crypt:3)
  4 ushabtiu (Crypt:3)
  5 hogs
  A human (shapeshifter) (Vaults:3)
  A wyvern (D:10)
  2 ynoxinuls
  2 fire bats (shapeshifter) (Vaults:1)
  A fire bat (D:13)
  A chaos spawn (WizLab)
  2 hungry ghosts
  A harpy simulacrum (Crypt:3)
  6 wargs
  A gelid demonspawn zombie (Crypt:1)
  3 acid dragons
  68 nagas
  A glowing shapeshifter zombie (Crypt:3)
  23 soldier ants (Lair:6)
  3 small abominations
  11 porcupines
  Duvessa (D:7)
  10 water moccasins
  5 sky beasts
  A gelid demonspawn skeleton (Crypt:2)
  4 ice beasts
  4 phantoms
  A black bear (shapeshifter) (Vaults:4)
  An eye of draining (D:11)
  4 large abominations
  52 ogres
  2 black bears
  35 orc warriors
  A swamp dragon zombie (Crypt:1)
  12 centaurs
  3 necrophages
  22 wolves
  5 boggarts (Depths:1)
  A snapping turtle skeleton (Crypt:2)
  9 crocodiles
  The ghost of sargx the Grave Robber, an amateur OpNe (D:3)
  2 big kobolds (D:9)
  A manticore skeleton (Crypt:2)
  An elf zombie (Crypt:2)
  3 hippogriff zombies (Shoals:4)
  18 bullfrogs
  A gnoll sergeant (D:5)
  2 earth elementals
  4 scorpions
  A wyvern skeleton (D:15)
  9 wights
  Dowan (D:7)
  5 killer bees (D:9)
  A polar bear skeleton (Crypt:3)
  5 electric eels
  5 crimson imps
  9 howler monkeys
  2 quasits
  8 jellies
  3 human simulacra
  A bullfrog skeleton (D:12)
  24 orc wizards
  2 centaur skeletons
  18 orc priests
  9 hounds
  5 human zombies (Crypt:2)
  2 iron imps
  4 iguanas
  35 worker ants
  A killer bee zombie (D:8)
  An ogre zombie (Crypt:2)
  A naga skeleton (Crypt:2)
  An ogre skeleton (Crypt:2)
  A demigod skeleton (Crypt:1)
  2 hound zombies
  3 mummies (Crypt:2)
  5 gnolls (D:5)
  A swamp drake zombie (Crypt:3)
  11 adders
  6 shadow imps
  An ufetubus (Abyss:1)
  5 oozes
  An adder zombie (D:5)
  A halfling skeleton (Crypt:1)
  A lava snake skeleton (Crypt:2)
  3 worms (D:2)
  A dart slug (D:1)
  6 leopard geckos
  104 orcs
  A ball python (D:3)
  A bat zombie (Shoals:4)
  3 giant cockroaches
  11 hobgoblins
  12 jackals
  3 quokkas
  9 bats
  5 frilled lizards
  A frilled lizard skeleton (Crypt:3)
  A gnoll zombie (Crypt:1)
  4 goblins
  10 kobolds
  A leopard gecko skeleton (D:4)
  A quokka zombie (D:8)
  6 rats
  3 fungi
  4 plants
1855 creatures vanquished.

Vanquished Creatures (collateral kills)
  A lich (Crypt:3)
  A cacodemon (WizLab)
  A blood saint (WizLab)
  A reaper (Crypt:3)
  2 green deaths (WizLab)
  A jiangshi (Crypt:3)
  An eidolon (Crypt:3)
8 creatures vanquished.

Vanquished Creatures (others)
  A revenant (Crypt:3)
  A blizzard demon (WizLab)
  A merfolk impaler (Shoals:4)
  A tengu conjurer (D:14)
  A slime creature (Vaults:2)
  2 dream sheep (Lair:6)
  A porcupine (Lair:2)
  A crocodile (Lair:6)
  2 bushes (D:15)
  4 fungi
  6 plants
  28 withered plants (Crypt:3)
49 creatures vanquished.

Grand Total: 1912 creatures vanquished

Notes
Turn   | Place    | Note
-------+----------+-------------------------------------------
     0 | D:1      | THUG4L1F3 the Minotaur Fighter began the quest for the Orb.
     0 | D:1      | Reached XP level 1. HP: 19/19 MP: 0/0
   140 | D:1      | Reached XP level 2. HP: 23/27 MP: 1/1
   712 | D:2      | Reached XP level 3. HP: 33/33 MP: 2/2
  1248 | D:2      | Reached XP level 4. HP: 36/41 MP: 3/3
  1497 | D:3      | Noticed sargx's ghost (amateur OpNe)
  1507 | D:3      | Killed sargx's ghost
  1507 | D:3      | Reached skill level 5 in Fighting
  1507 | D:3      | Reached skill level 5 in Armour
  1507 | D:3      | Reached XP level 5. HP: 11/48 MP: 4/4
  2481 | D:4      | Found Uqaigicu's Antique Armour Shop.
  2498 | D:4      | Found Adaf's Weapon Boutique.
  2560 | D:4      | Got a coiled golden ring
  2569 | D:4      | Identified the ring of New Discoveries {MP+9 Str+3} (You found it on level 4 of the Dungeon)
  2577 | D:4      | Noticed an ogre
  2584 | D:4      | Killed an ogre
  2584 | D:4      | Reached skill level 5 in Axes
  2584 | D:4      | Reached XP level 6. HP: 33/57 MP: 5/5
  3003 | D:4      | Reached XP level 7. HP: 50/64 MP: 6/6
  3092 | D:4      | Found Tamiqeutt's Gadget Shoppe.
  3155 | D:4      | Found a snail-covered altar of Cheibriados.
  3165 | D:4      | Found a sparkling altar of Nemelex Xobeh.
  3281 | D:4      | Found Weomois's General Store.
  3341 | D:5      | Entered Level 5 of the Dungeon
  3680 | D:5      | Reached XP level 8. HP: 65/73 MP: 7/7
  4126 | D:5      | Found a blossoming altar of Fedhas.
  5257 | D:7      | Noticed Dowan
  5262 | D:7      | Noticed Duvessa
  5263 | D:7      | Killed Dowan
  5263 | D:7      | Reached XP level 9. HP: 78/82 MP: 8/8
  5342 | D:7      | Killed Duvessa
  5543 | D:7      | Found a staircase to the Ecumenical Temple.
  5624 | Temple   | Entered the Ecumenical Temple
  5835 | Temple   | Became a worshipper of Gozag Ym Sagoz the Greedy
  5905 | D:7      | Noticed FelidHatLover's ghost (novice GnAs)
  5957 | D:7      | Killed FelidHatLover's ghost
  6322 | D:7      | Reached skill level 10 in Fighting
  6449 | D:8      | Found a radiant altar of Vehumet.
  6519 | D:8      | Reached skill level 10 in Armour
  6725 | D:8      | Reached skill level 4 in Shields
  6774 | D:8      | Noticed a two-headed ogre
  6779 | D:8      | Killed a two-headed ogre
  6779 | D:8      | Reached skill level 10 in Axes
  6779 | D:8      | Reached XP level 10. HP: 67/94 MP: 9/9
  7426 | D:4      | Bought a pair of spiked boots for 199 gold pieces
  7436 | D:4      | Identified the +0 pair of boots "Pinacu Sutiv" {*Drain Str+3 Dex+5} (You bought it in a shop on level 4 of the Dungeon)
  7436 | D:4      | Bought a pair of bloodstained gloves for 199 gold pieces
  7446 | D:4      | Identified the cursed +0 pair of gloves "Cauniul" {-Tele rC+++ MR+ Dex-3} (You bought it in a shop on level 4 of the Dungeon)
  7656 | D:9      | Reached skill level 5 in Shields
  7970 | D:9      | Noticed a two-headed ogre
  7971 | D:9      | Found an iron altar of Okawaru.
  7983 | D:9      | Killed a two-headed ogre
  7983 | D:9      | Reached skill level 6 in Shields
  8254 | D:9      | Found Xiann's Distillery.
  8448 | D:9      | Found a viscous altar of Jiyva.
  8731 | D:9      | Found a transporter.
  8740 | D:9      | Found a transporter.
  8748 | D:9      | Reached skill level 7 in Shields
  9140 | D:4      | Bought a +3 plate armour of fire resistance for 450 gold pieces
  9699 | D:10     | Entered Level 10 of the Dungeon
  9703 | D:10     | Reached XP level 11. HP: 102/102 MP: 10/10
  9752 | D:10     | Found a staircase to the Orcish Mines.
  9961 | D:10     | Found Juahu's Gadget Boutique.
 10206 | D:11     | Noticed a white ugly thing
 10209 | D:11     | Noticed a white ugly thing
 10234 | D:11     | Killed a white ugly thing
 10236 | D:11     | Killed a white ugly thing
 10236 | D:11     | Reached skill level 8 in Shields
 10548 | D:11     | Noticed a six-headed hydra
 10560 | D:11     | Killed a 14-headed hydra
 10894 | D:11     | Noticed a cyan ugly thing
 10905 | D:11     | Killed a cyan ugly thing
 10989 | D:11     | Reached skill level 9 in Shields
 11048 | D:11     | Noticed a cyan ugly thing
 11048 | D:11     | Noticed a purple ugly thing
 11048 | D:11     | Noticed a brown ugly thing
 11049 | D:11     | Noticed a purple ugly thing
 11050 | D:11     | Noticed a purple ugly thing
 11057 | D:11     | Killed a purple ugly thing
 11060 | D:11     | Killed a purple ugly thing
 11064 | D:11     | Killed a brown ugly thing
 11066 | D:11     | Killed a purple ugly thing
 11067 | D:11     | Killed a purple ugly thing
 11429 | D:11     | Noticed a brown ugly thing
 11438 | D:11     | Killed a brown ugly thing
 11448 | D:11     | Noticed a wizard
 11460 | D:11     | Killed a wizard
 11460 | D:11     | Reached skill level 10 in Shields
 11460 | D:11     | Reached XP level 12. HP: 74/115 MP: 11/11
 11480 | D:11     | Noticed a purple very ugly thing
 11492 | D:11     | Killed a purple very ugly thing
 11983 | D:11     | Gained mutation: Your muscles are strong. (Str +2) [potion of mutation]
 11983 | D:11     | Gained mutation: You are resistant to hostile enchantments. (MR+) [potion of mutation]
 11983 | D:11     | Gained mutation: You have a pair of large horns on your head. [potion of mutation]
 12186 | D:11     | Found a staircase to the Lair.
 12408 | Lair:1   | Entered Level 1 of the Lair of Beasts
 12979 | Lair:1   | Reached skill level 11 in Shields
 13198 | Lair:2   | Found a staircase to the Snake Pit.
 13329 | Lair:2   | Noticed RepHenryClay's ghost (journeyman DrWz)
 13342 | Lair:2   | Killed RepHenryClay's ghost
 14040 | Lair:2   | Noticed a four-headed hydra
 14049 | Lair:2   | Killed a nine-headed hydra
 14161 | Lair:3   | Reached skill level 12 in Shields
 14237 | Lair:3   | Reached XP level 13. HP: 116/125 MP: 12/12
 15070 | Lair:4   | Found a staircase to the Shoals.
 15149 | Lair:4   | Reached skill level 15 in Fighting
 15406 | Lair:4   | Reached skill level 15 in Axes
 15639 | Lair:4   | Noticed Harold
 15651 | Lair:4   | Killed Harold
 15651 | Lair:4   | Reached skill level 13 in Shields
 16784 | Lair:6   | Entered Level 6 of the Lair of Beasts
 16912 | Lair:6   | Reached XP level 14. HP: 118/137 MP: 13/13
 17012 | Lair:6   | Found a staircase to the Slime Pits.
 17027 | Lair:6   | Reached skill level 14 in Shields
 17547 | Lair:6   | Noticed an entropy weaver
 17566 | Lair:6   | Killed an entropy weaver
 17607 | Lair:6   | Noticed an entropy weaver
 17621 | Lair:6   | Killed an entropy weaver
 18714 | D:12     | Reached skill level 15 in Shields
 18737 | D:12     | Noticed deifeln's ghost (journeyman HuBe)
 18766 | D:12     | Killed deifeln's ghost
 18875 | D:12     | Found a large runed door.
 18878 | D:12     | Found a large runed door.
 18903 | D:12     | Found the cursed necklace of Bloodlust {*Rage +Rage MR++ Int-3 Slay+6 *Curse}
 18919 | D:12     | Found a large runed door.
 18919 | D:12     | Found a large runed door.
 19539 | D:12     | Bought a scroll of holy word for 127 gold pieces
 19962 | D:12     | Found the +0 Maxwell's etheric cage {RegenMP+ *Contam rElec MP+4}
 19989 | D:12     | Found Bipet's Weapon Shoppe.
 20394 | Orc:1    | Entered Level 1 of the Orcish Mines
 20396 | Orc:1    | Found a roughly hewn altar of Beogh.
 20396 | Orc:1    | Noticed Maurice
 20403 | Orc:1    | Killed Maurice
 20531 | Orc:1    | Noticed Fannar
 20565 | Orc:1    | Killed Fannar
 20899 | Orc:2    | Entered Level 2 of the Orcish Mines
 20910 | Orc:2    | Reached XP level 15. HP: 147/147 MP: 14/14
 20958 | Orc:2    | Reached skill level 16 in Shields
 21360 | Orc:2    | Found Kaowam's Book Shop.
 21702 | Orc:2    | Found a staircase to the Elven Halls.
 21778 | Orc:2    | Found Ussar's Distillery.
 21778 | Orc:2    | Found Ziqo's Antique Armour Shoppe.
 21779 | Orc:2    | Found Istrav's Distillery.
 21779 | Orc:2    | Found Lupeq's Jewellery Boutique.
 21787 | Orc:2    | Bought a pair of runed boots for 202 gold pieces
 21787 | Orc:2    | Bought a distressingly furry cloak for 256 gold pieces
 21792 | Orc:2    | Identified the +2 cloak of the Cooper {MR- Dex+5 SInv} (You bought it in a shop on level 2 of the Orcish Mines)
 22066 | D:13     | Found Visud's Assorted Antiques.
 22126 | D:13     | Noticed Frances
 22134 | D:13     | Killed Frances
 22138 | D:13     | Identified the Almanac of Lucky Stolen Souls
 22164 | D:13     | Noticed Sonja
 22172 | D:13     | Cast into level 1 of the Abyss (Sonja)
 22172 | Abyss:1  | Found a corrupted altar of Lugonu.
 22315 | Abyss:1  | Found a corrupted altar of Lugonu.
 22465 | Abyss:2  | Found a corrupted altar of Lugonu.
 22524 | Abyss:2  | Noticed a hellephant
 22526 | Abyss:2  | Noticed a lich
 22533 | Abyss:2  | Killed a lich
 22539 | Abyss:2  | Killed a hellephant
 22740 | Abyss:2  | Noticed a bone dragon
 22853 | Abyss:2  | Found a corrupted altar of Lugonu.
 22928 | D:13     | Escaped the Abyss
 22988 | D:13     | Noticed Sonja
 22988 | D:13     | Sonja changed into Sonja the fire bat
 22994 | D:13     | Killed Sonja the fire bat
 23484 | D:13     | Noticed Josephine
 23491 | D:13     | Killed Josephine
 23875 | D:14     | Found a gate to the Vaults.
 23887 | D:14     | Reached skill level 17 in Shields
 23900 | D:14     | Reached XP level 16. HP: 159/159 MP: 15/15
 23931 | D:14     | Found Ranotodd's Magic Scroll Boutique.
 24249 | D:14     | Found Telycs Yriku's Food Shop.
 24293 | D:14     | Found Sura's Antique Weapon Boutique.
 24303 | D:14     | Noticed Snorg
 24310 | D:14     | Killed Snorg
 24398 | D:14     | Found Dashrugag's Distillery.
 24459 | D:14     | You fall through a shaft!
 24459 | D:15     | Entered Level 15 of the Dungeon
 25109 | D:15     | Found a staircase to the Depths.
 25526 | Snake:1  | Entered Level 1 of the Snake Pit
 26523 | Snake:2  | Found Akhlosacai's Assorted Antiques.
 26805 | Snake:2  | Reached skill level 18 in Shields
 27570 | Snake:3  | Reached XP level 17. HP: 170/170 MP: 12/16
 28371 | Snake:3  | Reached skill level 19 in Shields
 28542 | Snake:4  | Entered Level 4 of the Snake Pit
 29152 | Snake:4  | Identified the Handbook of Attacks and the Traveller
 29435 | Snake:4  | Noticed Vashnia
 29760 | Snake:4  | Killed Vashnia
 29760 | Snake:4  | Reached XP level 18. HP: 72/182 MP: 17/17
 30560 | Snake:4  | Reached skill level 20 in Shields
 30572 | Snake:4  | Got a serpentine rune of Zot
 30741 | Shoals:1 | Entered Level 1 of the Shoals
 31510 | Shoals:1 | Noticed Nikola
 31522 | Shoals:1 | Killed Nikola
 32041 | Shoals:2 | Identified the Tome of Changing and Dark Arts
 32090 | Shoals:2 | Noticed Kirke
 32102 | Shoals:2 | Killed Kirke
 32647 | Shoals:3 | Noticed Ilsuiw
 32657 | Shoals:3 | Killed Ilsuiw
 32670 | Shoals:3 | Reached skill level 21 in Shields
 32808 | Shoals:3 | Noticed Polyphemus
 32826 | Shoals:3 | Killed Polyphemus
 33315 | Shoals:4 | Entered Level 4 of the Shoals
 33325 | Shoals:4 | Reached XP level 19. HP: 191/191 MP: 18/18
 33749 | Shoals:4 | Reached skill level 22 in Shields
 34030 | Shoals:3 | Got a fine plate armour
 34041 | Shoals:3 | Identified the +4 plate armour of Gestures {rElec Int+6 SInv} (You found it on level 3 of the Shoals)
 34309 | Shoals:4 | Got a barnacled rune of Zot
 34619 | Vaults:1 | Entered Level 1 of the Vaults
 34639 | Vaults:1 | Found a magical portal.
 34725 | WizLab   | Entered The Hall of the Hellbinder
 34785 | WizLab   | Reached skill level 23 in Shields
 34799 | WizLab   | Gained mutation: You are clumsy. (Dex -2) [a cacodemon]
 34812 | WizLab   | Gained mutation: Your magical capacity is low. (-10% MP) [a cacodemon]
 34827 | WizLab   | Gained mutation: Your magical capacity is very low. (-20% MP) [a cacodemon]
 35544 | Vaults:1 | Reached skill level 24 in Shields
 36065 | Vaults:1 | Reached XP level 20. HP: 199/199 MP: 15/15
 36304 | Vaults:1 | Bought a runed hand axe for 222 gold pieces
 36575 | Vaults:2 | Found an iron altar of Okawaru.
 36625 | Vaults:2 | Reached skill level 25 in Shields
 36710 | Vaults:2 | Noticed Bai Suzhen
 36737 | Vaults:2 | Killed Bai Suzhen
 38022 | Vaults:3 | Found Catueff's Magic Scroll Shop.
 38025 | Vaults:3 | Reached skill level 26 in Shields
 39099 | Vaults:3 | Reached skill level 27 in Shields
 39210 | Vaults:3 | Reached XP level 21. HP: 104/206 MP: 15/15
 39563 | Vaults:3 | Found a staircase to the Crypt.
 41613 | Vaults:4 | Fell from the grace of Gozag
 41983 | Temple   | Became a worshipper of the Shining One
 42167 | Lair:1   | Lost mutation: Your magical capacity is very low. (-20% MP) [potion of mutation]
 42167 | Lair:1   | Lost mutation: Your muscles are strong. (Str +2) [potion of mutation]
 42167 | Lair:1   | Lost mutation: You are resistant to hostile enchantments. (MR+) [potion of mutation]
 42167 | Lair:1   | Gained mutation: You expend magic power (3 MP) to strengthen your wands. [potion of mutation]
 42167 | Lair:1   | Gained mutation: You have sharp toenails. [potion of mutation]
 42168 | Lair:1   | Lost mutation: You are clumsy. (Dex -2) [potion of mutation]
 42168 | Lair:1   | Lost mutation: You have sharp toenails. [potion of mutation]
 42168 | Lair:1   | Lost mutation: You expend magic power (3 MP) to strengthen your wands. [potion of mutation]
 42168 | Lair:1   | Lost mutation: Your magical capacity is low. (-10% MP) [potion of mutation]
 42168 | Lair:1   | Gained mutation: You are resistant to hostile enchantments. (MR+) [potion of mutation]
 42168 | Lair:1   | Gained mutation: You are highly resistant to hostile enchantments. (MR++) [potion of mutation]
 42168 | Lair:1   | Gained mutation: You have supernaturally acute eyesight. (SInv) [potion of mutation]
 42383 | Crypt:1  | Entered Level 1 of the Crypt
 42429 | Crypt:1  | Reached * piety under the Shining One
 42803 | Crypt:1  | Reached ** piety under the Shining One
 42853 | Crypt:1  | Reached skill level 1 in Invocations
 43250 | Crypt:1  | Reached *** piety under the Shining One
 43433 | Crypt:1  | Got a pair of smoking gloves
 43492 | Crypt:1  | Identified the +0 pair of gloves "Elou" {rF- Str+3 Dex+7 Stlth+} (You found it on level 1 of the Crypt)
 44182 | Crypt:2  | Reached **** piety under the Shining One
 44312 | Crypt:2  | Reached ***** piety under the Shining One
 44545 | Crypt:2  | Reached skill level 5 in Invocations
 44619 | Crypt:2  | Reached ****** piety under the Shining One
 44983 | Crypt:2  | Found a basalt altar of Yredelemnul.
 45082 | Crypt:3  | Entered Level 3 of the Crypt
 45110 | Crypt:3  | Noticed Margery
 45126 | Crypt:2  | Killed Margery
 45126 | Crypt:2  | Reached XP level 22. HP: 154/224 MP: 25/25
 45434 | Crypt:3  | HP: 2/224 [lich/crystal spear (77)]
 45441 | Crypt:3  | HP: 11/224 [lich/bolt of acid (27)]
 45441 | Crypt:3  | HP: 2/224 [acid (9)]
 45526 | Crypt:3  | Identified a +3 broad axe of holy wrath (a +1 broad axe of electrocution blessed by the Shining One)
 45526 | Crypt:3  | Received a gift from the Shining One
 46231 | Crypt:3  | Gained mutation: Your spells are a little easier to cast, but a little less powerful. [a neqoxec]
 46472 | Crypt:3  | Found a basalt altar of Yredelemnul.
 46479 | Crypt:3  | Found an ancient bone altar of Kikubaaqudgha.
 46611 | Crypt:3  | Found a staircase to the Tomb.
 47091 | Elf:1    | Entered Level 1 of the Elven Halls
 47125 | Elf:1    | Found a radiant altar of Vehumet.
 47377 | Elf:1    | Noticed Donald
 47400 | Elf:1    | Killed Donald
 47402 | Elf:1    | Reached skill level 10 in Invocations
 48380 | Elf:2    | Got a pitted bone amulet
 48389 | Elf:2    | Identified the amulet "Ytuif" {Spirit +Fly rC+} (You found it on level 2 of the Elven Halls)
 48431 | Elf:2    | Found Edwud's General Store.
 48514 | Elf:2    | Found a large runed door.
 48514 | Elf:2    | Found a large runed door.
 48537 | Elf:2    | Found a large runed door.
 48537 | Elf:2    | Found a large runed door.
 49174 | Depths:1 | Entered Level 1 of the Depths
 49453 | Depths:1 | Reached XP level 23. HP: 233/233 MP: 30/30
 49490 | Depths:1 | Mangled by a red very ugly thing (illusionary)

Skill      XL: |  1  2  3  4  5  6  7  8  9 10 11 12 13 14 15 16 17 18 19 20 21 22 23 |
---------------+----------------------------------------------------------------------+-----
Fighting       | 4 5 6 7 8 10 11 13 14 16 17 18 19 21 24 25 26 | 26.0
Armour         | 4 5 6 7 8 10 11 | 11.7
Axes           | 3 4 5 6 8 10 11 12 14 15 17 18 19 20 21 | 21.6
Shields        | 4 7 10 12 13 15 17 18 19 21 24 27 | 27.0
Invocations    | 6 11 | 11.5

Action                   |  1- 3 |  4- 6 |  7- 9 | 10-12 | 13-15 | 16-18 | 19-21 | 22-24 || total
-------------------------+-------+-------+-------+-------+-------+-------+-------+-------++-------
Melee: War axe           |    76 |   101 |   290 |   528 |  1024 |  1105 |  1107 |       ||  4231
       Headbutt          |     8 |    20 |    51 |   139 |   302 |   364 |   453 |   118 ||  1455
       Broad axe         |       |       |       |       |       |       |   279 |   352 ||   631
Invok: Potion Petition   |       |       |       |     1 |     2 |       |     6 |       ||     9
       Call Merchant     |       |       |       |       |     4 |       |     2 |       ||     6
       Renounce Religion |       |       |       |       |       |       |     1 |       ||     1
       Summon Divine War |       |       |       |       |       |       |       |     3 ||     3
       Brand Weapon With |       |       |       |       |       |       |       |     1 ||     1
Evoke: Wand              |       |       |       |       |     1 |     1 |     3 |       ||     5
  Use: Scroll            |     1 |     3 |     8 |    13 |     6 |     7 |    10 |    13 ||    61
       Potion            |       |     2 |     4 |     4 |     3 |     3 |     6 |     2 ||    24
 Stab: Distracted        |       |       |       |     5 |    12 |    12 |    14 |       ||    43
       Petrified         |       |       |       |       |    13 |     2 |       |       ||    15
  Eat: Chunk             |     1 |     6 |     8 |       |       |       |       |     9 ||    24
       Ration            |       |       |     1 |     9 |     9 |    10 |    13 |     1 ||    43
Armor: Scale mail        |    47 |     6 |       |       |       |       |       |       ||    53
       Plate armour      |       |    39 |   238 |   251 |   457 |   480 |   350 |   160 ||  1975
Dodge: Dodged            |    38 |    38 |   110 |   119 |   205 |   195 |   129 |    75 ||   909
Block: Shield            |     1 |       |       |       |   175 |   728 |       |       ||   904
       Buckler           |       |       |     9 |   154 |   217 |       |       |       ||   380
       Large shield      |       |       |       |       |       |   188 |  1283 |   200 ||  1671
